 Dungeon Crawl Stone Soup version 0.21.1-1-g345015f (webtiles) character file.

88161 wojtek the Severer (level 15, -4/132 HPs)
             Began as a Minotaur Fighter on July 21, 2018.
             Was a High Priest of Makhleb.
             Killed by divine providence
             ... invoked by Saint Roka
              (15 damage)
             ... on level 2 of the Orcish Mines.
             The game lasted 00:45:47 (24853 turns).

wojtek the Severer (Minotaur Fighter)              Turns: 24853, Time: 00:45:47

Health: -4/132     AC: 24    Str: 27    XL:     15   Next: 45%
Magic:  23/23      EV: 13    Int:  5    God:    Makhleb [*****.]
Gold:   2297       SH: 16    Dex: 10    Spells: 14/14 levels left

rFire    + + .     SeeInvis .   a - +0 war axe (freeze)
rCold    + . .     Gourm    .   L - +1 shield {rC+ rF+}
rNeg     . . .     Faith    .   w - +0 crystal plate armour
rPois    .         Spirit   .   (helmet restricted)
rElec    .         Reflect  +   e - +0 cloak
rCorr    .         Harm     .   F - +0 pair of gloves
MR       +....                  (no boots)
Stlth    ..........             h - +2 amulet of reflection
HPRegen  0.32/turn              J - +5 ring of evasion
MPRegen  0.18/turn              o - ring of protection from fire

@: drained
A: retaliatory headbutt, horns 2
a: Minor Destruction, Lesser Servant of Makhleb, Major Destruction, Greater
Servant of Makhleb, Renounce Religion


You were on level 2 of the Orcish Mines.
You worshipped Makhleb.
Makhleb was extremely pleased with you.
You were not hungry.

You visited 4 branches of the dungeon, and saw 24 of its levels.
You also visited: Bailey and Ice Cave.

You collected 2297 gold pieces.

Inventory:

Hand Weapons
 a - a +0 war axe of freezing (weapon)
 b - a +2 hand axe of flaming
 x - a +0 war axe
 N - a +1 war axe
Armour
 e - a +0 cloak (worn)
 w - a +0 crystal plate armour (worn)
 F - a +0 pair of gloves (worn)
 G - a +0 plate armour
 L - a +1 shield of resistance (worn)
Jewellery
 h - a +2 amulet of reflection (around neck)
 n - an uncursed ring of see invisible
 o - a ring of protection from fire (right hand)
 I - an uncursed ring of ice
 J - a +5 ring of evasion (left hand)
 X - an uncursed ring of flight
Wands
 i - a wand of scattershot (3)
 C - a wand of polymorph (23)
 D - a wand of flame (24)
 P - a wand of digging (8)
 Y - a wand of acid (7)
Scrolls
 j - a scroll of torment {unknown}
 k - 8 scrolls of teleportation
 l - 2 scrolls of amnesia {unknown}
 p - 6 scrolls of identify
 r - 12 scrolls of remove curse
 v - a scroll of vulnerability {unknown}
 y - 2 scrolls of holy word {unknown}
 A - 3 scrolls of fog {unknown}
 E - a scroll of fear {unknown}
 H - 3 scrolls of immolation {unknown}
 M - 3 scrolls of silence {unknown}
 S - a scroll of brand weapon {unknown}
 T - 4 scrolls of enchant armour
 U - 4 scrolls of blinking
 V - 3 scrolls of enchant weapon
 Z - a scroll of magic mapping
Potions
 d - 2 potions of might
 m - 4 potions of lignification
 q - 2 potions of agility
 s - 2 potions of flight
 t - 12 potions of curing {unknown}
 z - a potion of invisibility
 B - 5 potions of heal wounds
 K - 2 potions of berserk rage
 O - a potion of magic {unknown}
 Q - a potion of brilliance {unknown}
 R - 3 potions of mutation {unknown}
 W - a potion of cancellation {unknown}
Miscellaneous
 c - a sack of spiders
 u - a lightning rod (4/4)
Comestibles
 f - 45 rations


   Skills:
 + Level 12.1(11.8) Fighting
 * Level 15.8(15.5) Axes
 + Level 12.0(11.7) Armour
 + Level 10.7(10.4) Dodging
 + Level 12.1(11.8) Shields
 * Level 12.2(11.9) Invocations
 + Level 8.1(7.9) Evocations


You had 14 spell levels left.
You didn't know any spells.

Dungeon Overview and Level Annotations

Branches:
Dungeon (15/15)            Temple (1/1) D:6            Lair (6/6) D:10
  Swamp (0/4) Lair:3        Snake (0/4) Lair:4        Slime (0/5) Lair:6
    Orc (2/2) D:10         Vaults (0/5) D:14         Depths (0/5) D:15
    Elf: Orc:2

Altars:
Ashenzari
Cheibriados
Dithmenos
Elyvilon
Fedhas
Gozag
Hepliaklqana
Kikubaaqudgha
Makhleb
Nemelex Xobeh
Okawaru
Qazlal
Ru
Sif Muna
Trog
Uskayaw
Vehumet
Wu Jian
Xom
Yredelemnul
Zin
The Shining One

Shops:
D:10 ([

Annotations:
Lair:6 can't reach places
Orc:2 Saint Roka


Innate Abilities, Weirdness & Mutations

You reflexively headbutt those who attack you in melee.
You have a pair of horns on your head.


Message History

Your ynoxinul seems less confused.
The orc warrior dies!
Makhleb accepts your kill.
Your orange demon stings Saint Roka from afar.
Saint Roka mumbles some strange prayers to Beogh against you.
Beogh smites you!
* * * LOW HITPOINT WARNING * * *
Your neqoxec hits Saint Roka but does no damage.
Unknown command.
A demon appears!
Your orange demon stings Saint Roka from afar.
Saint Roka looks as sick as possible!
Your orange demon poisons Saint Roka!
Saint Roka hits your neqoxec with a great mace of protection!!
Your ynoxinul hits Saint Roka. Your neqoxec hits Saint Roka.
Your orange demon barely misses Saint Roka.
Your ynoxinul gestures at Saint Roka.
The iron shot hits Saint Roka.
Saint Roka invokes the aid of Beogh against you.
Beogh smites you!
You die...

##.#.... #.....<.
####......
##..#...... ###
#..........
##.####.........
###4.3#)........#.
##....3oW......##..
#.@3.4##o......###.
##.#.###.[....####.
##### #...o.....#.
#...o.......
##..........
#####......
#....... ##......
#.....#


You could see Saint Roka, a wraith, a friendly orange demon, a friendly
hellwing, a friendly smoke demon, a friendly neqoxec and a friendly ynoxinul.

Vanquished Creatures
  The ghost of wojtek the Cleaver, a journeyman MiFi of Makhleb (D:12)
  Josephine (Orc:2)
  Erolcha (D:11)
  An ice dragon (IceCv)
  5 hydras
  A centaur warrior (D:15)
  2 dancing weapons (D:14)
  An ogre mage (D:15)
  2 catoblepae (Lair:5)
  12 death yaks
  4 two-headed ogres
  A tengu warrior (D:14)
  Nergalle (D:11)
  3 fire crabs
  9 skeletal warriors
  A wizard (D:15)
  2 unseen horrors
  Pikel (D:8)
  A lindwurm (Lair:6)
  3 orc knights
  3 deep elf magi
  A wolf spider zombie (D:14)
  3 cyclopes
  A faun (shapeshifter) (D:15)
  A manticore (D:11)
  14 elephants
  Maurice (D:9)
  2 naga magi (D:15)
  2 ice statues (IceCv)
  3 molten gargoyles
  Psyche (D:12)
  2 centaur zombies
  5 black mambas
  A gargoyle (D:11)
  2 centaur skeletons (D:15)
  6 spiny frogs
  11 komodo dragons
  A kobold demonologist (D:10)
  5 rime drakes
  2 ice devils (D:12)
  A queen bee (Lair:2)
  3 trolls
  Grinder (D:5)
  A hornet (D:12)
  4 polar bears
  12 blink frogs
  6 hippogriffs
  Sigmund (D:3)
  9 dream sheep (Lair:6)
  2 water elementals (D:13)
  10 basilisks
  6 wraiths
  5 wyverns
  A human (D:7)
  3 hogs (D:7)
  36 yaks
  A hungry ghost (D:10)
  A steam dragon (D:10)
  The ghost of Aelig the Skirmisher, an amateur KoBe of Trog (D:3)
  5 swamp worms (Lair:3)
  2 wargs (D:15)
  A naga (Lair:4)
  An acid dragon (D:12)
  5 hell hounds (Lair:6)
  10 water moccasins
  8 porcupines
  A swamp drake (Lair:4)
  20 ice beasts
  2 slaves (D:8)
  A black bear (D:7)
  3 phantoms
  16 orc warriors
  5 sky beasts
  A necrophage (D:9)
  12 ogres
  16 wolves
  3 boggarts (D:15)
  8 centaurs
  13 crocodiles
  11 big kobolds
  Blork the orc (D:4)
  19 bullfrogs
  A wyvern zombie (D:13)
  A wyvern skeleton (D:14)
  26 killer bees
  2 howler monkeys
  11 wights
  9 electric eels
  3 lava snakes (Lair:6)
  9 crimson imps
  A bullfrog zombie (D:8)
  3 jellies
  8 orc priests
  4 hounds
  19 orc wizards
  2 iguanas
  4 worker ants
  Ijyb (D:4)
  Terence (D:2)
  3 hound skeletons
  A hound zombie (D:8)
  2 worker ant zombies
  3 gnolls (D:4)
  6 adders
  A river rat (Lair:4)
  4 shadow imps
  10 white imps
  2 ufetubi (D:8)
  7 oozes
  An adder zombie (D:5)
  2 worms (D:2)
  2 dart slugs
  An adder simulacrum (D:8)
  2 leopard geckos
  67 orcs
  7 bats
  6 giant cockroaches
  5 hobgoblins
  12 jackals
  2 quokkas
  A ball python (D:5)
  5 frilled lizards
  11 goblins
  16 kobolds
  A leopard gecko simulacrum (D:8)
  A quokka skeleton (D:6)
  6 rats
  A butterfly (Lair:5)
  3 fungi
  2 plants
686 creatures vanquished.

Vanquished Creatures (collateral kills)
  A fire dragon (Lair:6)
  An ice dragon (IceCv)
  A death knight (D:14)
  2 orc knights
  A hippogriff (Lair:3)
  A porcupine (Lair:2)
  3 orc warriors
  A black bear (D:10)
  A wolf (Lair:2)
  A boggart (D:15)
  2 centaurs (D:11)
  A bullfrog (Lair:2)
  2 killer bees (Lair:2)
  3 orcs
  A goblin (D:11)
22 creatures vanquished.

Vanquished Creatures (others)
  A hydra (Lair:6)
  A spiny frog (Lair:6)
  A wraith (D:14)
  A slave (D:8)
  A wolf (D:8)
  An ogre (D:15)
  2 centaurs
  A crocodile (Lair:6)
  A bullfrog (D:14)
  An orc wizard (D:10)
  19 fungi
  12 plants
42 creatures vanquished.

Grand Total: 750 creatures vanquished

Notes
Turn   | Place    | Note
-------+----------+-------------------------------------------
     0 | D:1      | wojtek the Minotaur Fighter began the quest for the Orb.
     0 | D:1      | Reached XP level 1. HP: 19/19 MP: 0/0
    71 | D:1      | Reached skill level 3 in Axes
   161 | D:1      | Reached XP level 2. HP: 25/26 MP: 1/1
   343 | D:1      | Reached skill level 4 in Axes
   431 | D:1      | Reached XP level 3. HP: 31/31 MP: 2/2
   509 | D:2      | Found a hazy altar of Hepliaklqana.
   840 | D:2      | Reached skill level 5 in Axes
   842 | D:2      | Reached XP level 4. HP: 36/39 MP: 3/3
   973 | D:2      | Noticed Terence
   981 | D:2      | Killed Terence
   981 | D:2      | Reached skill level 6 in Axes
  1173 | D:3      | Noticed Aelig's ghost (amateur KoBe)
  1191 | D:3      | Killed Aelig's ghost
  1191 | D:3      | Reached skill level 1 in Dodging
  1191 | D:3      | Reached XP level 5. HP: 43/46 MP: 4/4
  1311 | D:3      | Reached XP level 6. HP: 52/52 MP: 5/5
  1469 | D:3      | Noticed Sigmund
  1482 | D:3      | Killed Sigmund
  1855 | D:4      | Reached XP level 7. HP: 58/60 MP: 6/6
  2056 | D:4      | Reached skill level 5 in Shields
  2091 | D:4      | Noticed Blork the orc
  2095 | D:4      | Noticed Ijyb
  2097 | D:4      | Paralysed by Ijyb for 7 turns
  2112 | D:4      | Paralysed by Ijyb for 4 turns
  2364 | D:4      | Found a radiant altar of Vehumet.
  2457 | D:4      | Killed Blork the orc
  2457 | D:4      | Reached skill level 7 in Axes
  2457 | D:4      | Reached skill level 5 in Armour
  2550 | D:4      | Reached skill level 5 in Fighting
  2585 | D:4      | Killed Ijyb
  2626 | D:5      | Entered Level 5 of the Dungeon
  2982 | D:5      | Reached XP level 8. HP: 69/69 MP: 7/7
  3295 | D:5      | Noticed Grinder
  3310 | D:5      | Killed Grinder
  3461 | D:5      | Found a basalt altar of Yredelemnul.
  3573 | D:5      | Found a white marble altar of Elyvilon.
  3854 | D:6      | Reached skill level 8 in Axes
  4034 | D:6      | Reached skill level 1 in Evocations
  4364 | D:6      | Found a staircase to the Ecumenical Temple.
  4390 | Temple   | Entered the Ecumenical Temple
  4479 | Temple   | Became a worshipper of Makhleb the Destroyer
  5261 | D:7      | Reached skill level 1 in Invocations
  5278 | D:7      | Reached XP level 9. HP: 78/78 MP: 9/9
  5532 | D:7      | Reached skill level 5 in Dodging
  5600 | D:7      | Found a shadowy altar of Dithmenos.
  5885 | D:7      | Reached skill level 9 in Axes
  6618 | D:8      | Noticed Pikel
  6637 | D:8      | Killed Pikel
  6637 | D:8      | Reached XP level 10. HP: 82/86 MP: 10/12
  6825 | D:8      | Reached * piety under Makhleb
  6849 | D:8      | Reached skill level 10 in Axes
  7365 | D:9      | Reached skill level 5 in Invocations
  7392 | D:9      | Reached ** piety under Makhleb
  7609 | D:9      | Noticed Maurice
  7619 | D:9      | Killed Maurice
  7912 | D:10     | Entered Level 10 of the Dungeon
  8127 | D:10     | Reached XP level 11. HP: 94/94 MP: 14/14
  8150 | D:10     | Noticed a death yak
  8153 | D:10     | Reached skill level 11 in Axes
  8155 | D:10     | Noticed a death yak
  8157 | D:10     | Noticed a death yak
  8157 | D:10     | Noticed a death yak
  8159 | D:10     | Noticed a death yak
  8160 | D:10     | Noticed a death yak
  8160 | D:10     | Noticed a death yak
  8172 | D:10     | Noticed a death yak
  8181 | D:10     | Killed a death yak
  8446 | D:9      | Killed a death yak
  8623 | D:10     | Killed a death yak
  8753 | D:9      | Killed a death yak
  8826 | D:10     | Found a staircase to the Lair.
  8865 | D:10     | Killed a death yak
  8879 | D:10     | Killed a death yak
  8892 | D:10     | Killed a death yak
  8932 | D:10     | Killed a death yak
  8932 | D:10     | Reached *** piety under Makhleb
  9354 | D:10     | Found Nakoe's Armour Boutique.
  9361 | D:10     | Noticed an orc knight
  9361 | D:10     | Found a staircase to the Orcish Mines.
  9364 | D:10     | Found Jifoa's Weapon Boutique.
  9389 | D:10     | Killed an orc knight
  9389 | D:10     | Reached skill level 12 in Axes
  9623 | Lair:1   | Entered Level 1 of the Lair of Beasts
  9659 | Lair:1   | Reached skill level 5 in Evocations
  9873 | Lair:1   | Reached XP level 12. HP: 104/104 MP: 16/16
 10816 | Lair:2   | Noticed a six-headed hydra
 10822 | Lair:2   | Killed a six-headed hydra
 10950 | Lair:2   | Reached **** piety under Makhleb
 12057 | Lair:3   | Found a staircase to the Swamp.
 12166 | Lair:3   | Noticed a seven-headed hydra
 12184 | Lair:3   | Killed an eight-headed hydra
 12384 | Lair:3   | Reached skill level 13 in Axes
 12399 | Lair:3   | Reached skill level 10 in Fighting
 12423 | Lair:3   | Reached skill level 10 in Armour
 12901 | Lair:4   | Noticed a five-headed hydra
 12913 | Lair:4   | Killed a five-headed hydra
 12913 | Lair:4   | Reached skill level 10 in Shields
 13245 | Lair:4   | Reached XP level 13. HP: 113/113 MP: 18/18
 13289 | Lair:4   | Found a staircase to the Snake Pit.
 13367 | Lair:4   | Reached ***** piety under Makhleb
 15430 | Lair:5   | Reached skill level 10 in Invocations
 15862 | Lair:6   | Entered Level 6 of the Lair of Beasts
 15892 | Lair:5   | Reached skill level 14 in Axes
 16617 | Lair:6   | Reached XP level 14. HP: 122/122 MP: 20/20
 17102 | Lair:6   | Found a large runed door.
 17103 | Lair:6   | Found a large runed door.
 17157 | Lair:6   | Reached ****** piety under Makhleb
 17322 | Lair:6   | Found a staircase to the Slime Pits.
 18359 | D:11     | Found a flagged portal.
 18381 | Bailey   | Entered a bailey
 18807 | Bailey   | Identified the Compendium of the Blaze and the Birds
 19105 | D:11     | Noticed Erolcha
 19122 | D:11     | Killed Erolcha
 19323 | D:11     | Noticed Nergalle
 19335 | D:11     | Killed Nergalle
 19730 | D:12     | Noticed wojtek's ghost (journeyman MiFi)
 19762 | D:12     | Killed wojtek's ghost
 19762 | D:12     | Reached skill level 10 in Dodging
 19784 | D:12     | Found a frozen archway.
 19822 | IceCv    | Entered an ice cave
 19908 | IceCv    | Reached skill level 15 in Axes
 20473 | IceCv    | Got a flickering granite ring
 20662 | IceCv    | Identified the ring "Emijew" {*Contam MP+9 Int+5 Dex+4} (You found it in an ice cave)
 20679 | D:12     | Lost intelligence.
 20854 | D:12     | Paralysed by a hornet for 3 turns
 20948 | D:12     | Noticed Psyche
 20953 | D:12     | Killed Psyche
 22946 | D:14     | Found a gate to the Vaults.
 22971 | D:14     | Reached XP level 15. HP: 117/132 MP: 22/22
 23172 | D:15     | Entered Level 15 of the Dungeon
 23392 | D:15     | Found a staircase to the Depths.
 23544 | D:15     | Found a shadowy altar of Dithmenos.
 24218 | Orc:1    | Entered Level 1 of the Orcish Mines
 24386 | Orc:2    | Entered Level 2 of the Orcish Mines
 24433 | Orc:2    | Noticed Josephine
 24442 | Orc:2    | Noticed Saint Roka
 24449 | Orc:2    | Killed Josephine
 24853 | Orc:2    | Killed from afar by Saint Roka

Skill      XL: |  1  2  3  4  5  6  7  8  9 10 11 12 13 14 15 |
---------------+----------------------------------------------+-----
Axes           | 3 4 5 6 7 8 9 10 12 13 14 15 | 15.8
Fighting       | 4 5 6 7 8 9 10 11 12 | 12.1
Armour         | 4 5 6 7 8 9 10 11 12 | 12.0
Dodging        | 1 2 3 4 5 6 7 8 9 10 | 10.7
Shields        | 4 5 6 7 8 9 10 11 12 | 12.1
Evocations     | 1 2 4 5 6 7 8 |  8.1
Invocations    | 1 4 5 7 9 10 11 12 | 12.2

Action                   |  1- 3 |  4- 6 |  7- 9 | 10-12 | 13-15 || total
-------------------------+-------+-------+-------+-------+-------++-------
Melee: War axe           |    99 |    98 |   268 |   791 |  1406 ||  2662
       Headbutt          |    16 |    17 |    50 |   191 |   362 ||   636
Invok: Lesser Servant of |       |       |       |     5 |    33 ||    38
Evoke: Wand              |       |       |       |    37 |    34 ||    71
       Sack of spiders   |       |       |       |       |     1 ||     1
  Use: Scroll            |       |       |       |    11 |    12 ||    23
       Potion            |       |       |       |       |     2 ||     2
 Stab: Paralysed         |       |       |       |     2 |       ||     2
       Distracted        |       |       |       |       |     1 ||     1
  Eat: Chunk             |       |     3 |    12 |    23 |    30 ||    68
       Ration            |       |       |     1 |     1 |     3 ||     5
Armor: Scale mail        |    53 |    25 |    63 |       |       ||   141
       Plate armour      |       |       |    11 |   311 |   165 ||   487
       Crystal plate arm |       |       |       |       |   233 ||   233
Dodge: Dodged            |    32 |    19 |    61 |   208 |   400 ||   720
Block: Shield            |    65 |    51 |   189 |   639 |   888 ||  1832
       Reflection        |     2 |       |     3 |    24 |    30 ||    59
